 Dungeon Crawl Stone Soup version 0.31-a0-263-ge8cad7f256 (webtiles) character file.

Game seed: 12324948113049195718

32 qw the Shooter (level 3, 0/21 HPs)
             Began as a Gargoyle Hexslinger on July 13, 2023.
             Slain by a gnoll
             ... wielding a +0 flail
              (7 damage)
             ... on level 2 of the Dungeon.
             The game lasted 00:00:15 (841 turns).

qw the Shooter (Gargoyle Hexslinger)                 Turns: 841, Time: 00:00:16

Health: 0/21       AC:  5    Str: 11    XL:     3   Next: 27%
Magic:  4/4        EV: 12    Int: 13    God:
Gold:   60         SH:  0    Dex: 14    Spells: 3/4 levels left

rFire   . . .        Y - +2 sling (drain)
rCold   . . .        (no shield)
rNeg    + . .        c - +0 robe
rPois   inf          (no helmet)
rElec   +            (no cloak)
rCorr   .            (no gloves)
SInv    .            (no boots)
Will    .....        (no amulet)
Stlth   +            (no ring)
HPRegen 0.23/turn    (no ring)
MPRegen 0.09/turn

%: no passive effects
@: no status effects
A: sickness immunity, AC +3, negative energy resistance 1, electricity
resistance, torment resistance 1, petrification resistance
a: no special abilities


You were on level 2 of the Dungeon.
You visited 1 branch of the dungeon, and saw 2 of its levels.

You collected 60 gold pieces.


Innate Abilities, Weirdness & Mutations

You are immune to sickness and miasma.
Your stone body is resilient. (AC +3)
You are immune to poison.
You resist negative energy. (rN+)
You are resistant to electric shocks. (rElec)
You are resistant to unholy torment.
You are immune to petrification.


   Skills:
 + Level 1.7 Fighting
 - Level 3.3 Ranged Weapons
 - Level 1.5 Dodging
 - Level 1.0 Spellcasting
 - Level 2.6 Hexes


You had 3 spell levels left.
You knew the following spells:

 Your Spells              Type           Power      Damage    Failure   Level
a - Slow                  Hex            28%        N/A       10%         1

Your spell library contained the following spells:

 Spells                   Type           Power      Damage    Failure   Level
 Inner Flame              Hex/Fire       4%         N/A       43%         3
 Portal Projectile        Hex/Tloc       8%         N/A       43%         3
 Cause Fear               Hex            3%         N/A       67%         4

Inventory:

Hand Weapons
 Y - a +2 sling of draining (weapon)
Armour
 c - a +0 robe (worn)
Scrolls
 m - a scroll of identify
Potions
 f - a potion of might {unknown}
 g - a potion of resistance {unknown}
 i - a potion of brilliance {unknown}
 k - a potion of attraction {unknown}
 n - a potion of enlightenment {unknown}

Dungeon Overview and Level Annotations

Branches:
Dungeon (2/15)

Altars:


Message History

The gnoll shouts! x2
The sling bullet hits the plant!
The plant begins to die.
You drain the plant.
The plant is lightly damaged.
The gnoll barely misses you.
You shoot a sling bullet.
The sling bullet closely misses the gnoll.
The sling bullet hits the plant.
You drain the plant.
The plant is lightly damaged.
The gnoll hits you with a +0 club. The gnoll closely misses you.
You shoot a sling bullet. The sling bullet hits the gnoll.
The gnoll is heavily wounded.
The gnoll completely misses you.
You shoot a sling bullet.
The sling bullet barely misses the gnoll. x2
The sling bullet hits the plant.
You drain the plant.
The plant is lightly damaged.
A nearby plant withers and dies.
The gnoll hits you with a +0 club. The rat barely misses you.
You shoot a sling bullet. The sling bullet hits the gnoll!
You kill the gnoll!
The rat misses you.
You have reached level 3!
Your experience leads to an increase in your attributes!
Increase (S)trength, (I)ntelligence, or (D)exterity?
You feel agile. x2
You shoot a sling bullet. The sling bullet hits the gnoll.
You drain the gnoll.
The gnoll is moderately wounded.
The rat closely misses you. The gnoll closely misses you.
The rat barely misses you.
You shoot a sling bullet.
The sling bullet barely misses the gnoll.
The gnoll hits you with a +0 flail! The rat bites you but does no damage.
The gnoll barely misses you.
You shoot a sling bullet.
The sling bullet barely misses the gnoll.
The rat bites you. The gnoll closely misses you. The gnoll barely misses you.
You shoot a sling bullet.
The sling bullet barely misses the gnoll.
The gnoll hits you with a +0 flail!
You die...

#### #... ...# #..#
.#.##### #..# .......#
#..# ..#....########..#
........<........# .P
.....####.######.###....
.....# #.######@g....P.
####.# #.......gr#..P..
#.# #########.# ..P #.#
.# . #.# .# #.. .. ###
##


You could see 2 gnolls and a rat.

Vanquished Creatures
  2 gnolls (D:2)
  A bat (D:1)
  An endoplasm (D:1)
  A goblin (D:1)
  4 hobgoblins (D:1)
  A kobold (D:1)
  A ball python (D:1)
  A frilled lizard (D:1)
12 creatures vanquished.

Notes
Turn   | Place    | Note
-------+----------+-------------------------------------------
     0 | D:1      | qw the Gargoyle Hexslinger began the quest for the Orb.
     0 | D:1      | Reached XP level 1. HP: 12/12 MP: 2/2
     0 | D:1      | 0 ||| qw: Version: 0.3-a-52-g30416fa
     0 | D:1      | 0 ||| qw: Game counter: 7494
     0 | D:1      | 0 ||| qw: Melee chars always use a shield: true
     0 | D:1      | 0 ||| qw: God list: Okawaru
     0 | D:1      | 0 ||| qw: Allow faded altars: false
     0 | D:1      | 0 ||| qw: Do Orc after clearing Dungeon:15 true
     0 | D:1      | 0 ||| qw: Do second Lair branch before Depths: true
     0 | D:1      | 0 ||| qw: Lair rune preference: random
     0 | D:1      | 0 ||| qw: Goals: Normal
     0 | D:1      | 0 ||| PLANNING D:1-11
   245 | D:1      | Reached XP level 2. HP: 16/16 MP: 3/3
   638 | D:1      | 638 ||| READING scroll labelled CAAFRUKLAU.
   639 | D:1      | 639 ||| READING scroll labelled UHOGOSS TE KUMN.
   640 | D:1      | 640 ||| READING scroll labelled FEMEUR LALU.
   641 | D:1      | 641 ||| READING 3 scrolls labelled HIONUO JISIES.
   642 | D:1      | 642 ||| READING scroll labelled ENOENA TIYL.
   743 | D:1      | 743 ||| READING 2 scrolls labelled ERELIUGEMA.
   744 | D:1      | 744 ||| DROPPING scroll of poison.
   745 | D:1      | 745 ||| DROPPING 2 scrolls of vulnerability.
   832 | D:2      | Reached skill level 3 in Ranged Weapons
   838 | D:2      | Reached XP level 3. HP: 14/21 MP: 4/4
   841 | D:2      | Slain by a gnoll

Levels and vault maps discovered:
D:1:      nicolae_arrival_washed_ashore, layout_loops_ring
D:2:      layout_basic, basic_altar, nicolae_grassy_gnolls

Skill      XL: |  1  2 |
---------------+-------+-----
Ranged Weapons | 3 |  3.3
Fighting       | |  1.7
Dodging        | |  1.5
Spellcasting   | |  1.0
Hexes          | |  2.6

Action                     || total
---------------------------++-------
   Fire: Sling             ||    60
    Use: Scroll            ||     6
 Armour: Robe              ||     9
  Dodge: Dodged            ||    35

Table legend:
 A = Non-vault XP
 B = Vault XP
 C = Vault XP percentage of total XP
 D = Non-vault monster count
 E = Vault monster count
 F = Vault count percentage of total count
                 A         B        C        D         E       F
            +---------+---------+-------+---------+---------+-------
      Total |      18 |      29 |  61.7 |      10 |       2 |  16.7
            +---------+---------+-------+---------+---------+-------
        D:1 |      18 |       0 |   0.0 |      10 |       0 |   0.0
        D:2 |       0 |      29 | 100.0 |       0 |       2 | 100.0
            +---------+---------+-------+---------+---------+-------
